 Dungeon Crawl Stone Soup version 0.28-a0-1447-ga5a8893891 (webtiles) character file.

Game seed: 17233783546606203535

107 riojii the Grasshopper (level 4, 0/38 HPs)
             Began as a Draconian Warper on Jan 11, 2022.
             Was a Follower of Okawaru.
             Slain by an orc (8 damage)
             ... on level 4 of the Dungeon.
             The game lasted 00:03:57 (3755 turns).

riojii the Grasshopper (Draconian Warper)           Turns: 3755, Time: 00:03:58

Health: 0/38       AC:  5    Str: 15    XL:     4   Next: 57%
Magic:  7/7        EV: 12    Int: 13    God:    Okawaru [*.....]
Gold:   134        SH:  0    Dex: 11    Spells: 7/7 levels left

rFire   . . .      SeeInvis .   a - +0 hand axe
rCold   . . .      Faith    .   (no shield)
rNeg    . . .      Spirit   .   (armour unavailable)
rPois   .          Reflect  .   (helmet restricted)
rElec   .          Harm     .   (no cloak)
rCorr   .          Rampage  .   (no gloves)
Will    .....                   (no boots)
Stlth   +.........              (no amulet)
HPRegen 0.12/turn               (no ring)
MPRegen 0.10/turn               (no ring)

@: no status effects
A: AC +5, unfitting armour, cold-blooded
a: Renounce Religion, Heroism


You were on level 4 of the Dungeon.
You worshipped Okawaru.
Okawaru was aware of your devotion.
You visited 1 branch of the dungeon, and saw 4 of its levels.

You collected 134 gold pieces.

Inventory:

Hand Weapons
 a - a +0 hand axe (weapon)
Missiles
 c - 5 boomerangs of dispersal (quivered)
 d - 6 boomerangs
 j - 5 poisoned darts
Scrolls
 b - a scroll of blinking
 g - a scroll of teleportation {unknown}
 h - a scroll of identify {unknown}
 i - a scroll of holy word {unknown}
Potions
 e - a potion of brilliance {unknown}
 f - a potion of ambrosia


   Skills:
 + Level 3.1 Fighting
 * Level 3.5 Axes
 - Level 0.8 Throwing
 - Level 2.1 Dodging
 - Level 2.0 Spellcasting
 + Level 3.6 Translocations
 + Level 1.4 Invocations


You had 7 spell levels left.
You didn't know any spells.
Your spell library contained the following spells:

 Spells                   Type           Power      Damage    Failure   Level
 Blink                    Tloc           20%        N/A       9%          2
 Gell's Gravitas          Tloc           10%        N/A       17%         3
 Lesser Beckoning         Tloc           10%        N/A       17%         3
 Teleport Other           Tloc           10%        N/A       17%         3
 Scorch                   Fire           2%         2d5       36%         2
 Manifold Assault         Tloc           10%        N/A       85%         5
 Flame Wave               Conj/Fire      1%         2d4       94%         4
 Summon Cactus Giant      Summ           Unusable   N/A       N/A         6

Dungeon Overview and Level Annotations

Branches:
Dungeon (4/15)
 Temple: D:4-7

Altars:
Okawaru
Trog
Zin


Innate Abilities, Weirdness & Mutations

Your plain brown scales are hard. (AC +5)
You cannot fit into any form of body armour.
You are cold-blooded and may be slowed by cold attacks.


Message History

You barely miss the orc wizard. You completely miss the orc.
You hit the orc but do no damage. The orc wizard barely misses you.
The orc hits you with a +0 flail. The orc barely misses you.
You closely miss the orc wizard. You closely miss the orc. x2
The orc wizard misses you. The orc misses you.
The orc hits you but does no damage.
You barely miss the orc wizard. You barely miss the orc. x2
The orc wizard hits you with a +0 dagger.
The orc hits you with a +0 flail. The orc barely misses you.
You hit the orc wizard but do no damage.
You barely miss the orc. x2
The orc wizard hits you with a +0 dagger.
The orc barely misses you. The orc hits you with a +0 club.
The orc wizard hits you with a +0 dagger.
You barely miss the orc wizard.
Your tail-slap misses the orc wizard.
You hit the orc but do no damage. You closely miss the orc.
The orc closely misses you. The orc barely misses you.
The orc wizard misses you.
You hit the orc wizard but do no damage.
You barely miss the orc. You hit the orc. The orc hits you with a +0 flail.
The orc hits you but does no damage.
The orc wizard points at you and mumbles some strange words.
You resist with some effort.
You barely miss the orc wizard.
Your tail-slap misses the orc wizard.
You hit the orc. x2; The orc misses you.
The orc closely misses you.
The orc wizard hits you with a +0 dagger.
The orc hits you with a +0 flail.
You hit the orc wizard.
Your tail-slap misses the orc wizard.
The orc wizard is moderately wounded.
You completely miss the orc. You hit the orc but do no damage.
The orc hits you with a +0 club.
* * * LOW HITPOINT WARNING * * *
The orc wizard barely misses you. The orc misses you.
You barely miss the orc.
Your tail-slap misses the orc.
The orc is heavily wounded.
You hit the orc. You hit the orc wizard. The orc closely misses you.
The orc wizard hits you with a +0 dagger.
* * * LOW HITPOINT WARNING * * *
The orc hits you with a +0 flail!
You die...

### #.### .. #...##
..# ##...# ...######
##... #.......####
##.. ##.........###
###..
#.......o...<###
#....
#.....o@......###
#....
#.....o.........#
#....
##..............#
#....
#........>.....#
#....
##.............#
#....
#.............#
#....
##............#
##....
##...........#
#.....
#..........#####....


You could see an orc wizard and 2 orcs.

Vanquished Creatures
  6 adders
  A worm (D:2)
  2 dart slugs
  3 bats
  3 endoplasms (D:2)
  2 giant cockroaches (D:2)
  4 goblins
  3 hobgoblins
  2 jackals (D:2)
  5 kobolds
  4 quokkas
  2 ball pythons
  3 frilled lizards
  8 rats
48 creatures vanquished.

Vanquished Creatures (others)
  2 plants (D:1)
2 creatures vanquished.

Grand Total: 50 creatures vanquished

Notes
Turn   | Place    | Note
-------+----------+-------------------------------------------
     0 | D:1      | riojii the Draconian Warper began the quest for the Orb.
     0 | D:1      | Reached XP level 1. HP: 17/17 MP: 3/3
   436 | D:1      | Reached XP level 2. HP: 22/25 MP: 5/5
   512 | D:1      | Found a faded altar of an unknown god.
   948 | D:1      | Prayed at the altar of an unknown god.
   948 | D:1      | Became a worshipper of Warmaster Okawaru
   948 | D:1      | Reached * piety under Okawaru
  1395 | D:2      | Reached XP level 3. HP: 10/30 MP: 6/6
  1784 | D:2      | Reached skill level 1 in Invocations
  2373 | D:2      | Reached XP level 4. HP: 33/37 MP: 7/7
  2720 | D:3      | Found a bloodstained altar of Trog.
  3525 | D:3      | Found a glowing silver altar of Zin.
  3755 | D:4      | Slain by an orc

Illustrated notes

Levels and vault maps discovered:
D:1:      psy_arrival_whirlpool, layout_basic, shapermc_ecumenical_altar_petra
D:2:      layout_basic
D:3:      layout_basic, zin_academy, lemuel_round_altar
D:4:      layout_cave_pods, cheibrodos_sewer_entry_sluice,
          grunt_decor_arrowhead, minmay_diced_spiral

Skill      XL: |  1  2  3  4 |
---------------+-------------+-----
Axes           | 3 |  3.5
Invocations    | 1 |  1.4
Fighting       | 3 |  3.1
Throwing       | |  0.8
Dodging        | |  2.1
Spellcasting   | |  2.0
Translocations | |  3.6

Action                   |  1- 3 |  4- 6 || total
-------------------------+-------+-------++-------
Melee: Hand axe          |   135 |    71 ||   206
       Tailslap          |    13 |     7 ||    20
       Punch             |     2 |     2 ||     4
Invok: Heroism           |     1 |     1 ||     2
  Use: Potion            |     2 |     1 ||     3
 Stab: Sleeping          |       |     1 ||     1
Armor: Skin              |    49 |    25 ||    74
Dodge: Dodged            |    78 |    59 ||   137

Table legend: (Time is in decaauts)
 A = Elapsed time spent in this place.
 B = Non-inter-level travel time spent in this place.
 C = Inter-level travel time spent in this place.
 D = Time resting spent in this place.
 E = Time spent auto-exploring this place.
 F = Levels seen in this place.
 G = Mean time per level.
                   A        B        C        D        E       F      G
               +--------+--------+--------+--------+--------+-----+--------+
         Total |   3784 |   3723 |     61 |    514 |   2755 |   4 |  946.0 |
       Dungeon |   3784 |   3723 |     61 |    514 |   2755 |   4 |  946.0 |
               +--------+--------+--------+--------+--------+-----+--------+

Top non-repeatable levels by time:
     D:2: 1707 daAuts
     D:1: 1001 daAuts
     D:3: 996 daAuts
     D:4: 79 daAuts
